 Dungeon Crawl Stone Soup version 0.30.0-29-ga12c61a403 (webtiles) character file.

Game seed: 3876528671048960842

716 Sabo the Trooper (level 8, -1/62 HPs)
             Began as a Formicid Monk on June 23, 2023.
             Was a Priest of Okawaru.
             Succumbed to Edmund's poison
             ... on level 5 of the Dungeon.
             The game lasted 00:17:24 (3622 turns).

Sabo the Trooper (Formicid Monk)                    Turns: 3622, Time: 00:17:25

Health: -1/62      AC:  7    Str: 17    XL:     8   Next: 1%
Magic:  8/8        EV: 13    Int: 11    God:    Okawaru [***...]
Gold:   190        SH:  0    Dex: 16    Spells: 7/7 levels left

rFire   . . .        e - +2 spear (venom)
rCold   . . .        d - orb {light}
rNeg    . . .        t - +0 steam dragon scales
rPois   +            (helmet unavailable)
rElec   .            a - +0 cloak
rCorr   +            (no gloves)
SInv    +            (no boots)
Will    .....        (no amulet)
Stlth   +            l - ring of resist corrosion
HPRegen 0.30/turn    p - ring of poison resistance
MPRegen 0.11/turn

%: no passive effects
@: lethally poisoned (-1 -> -9), glowing
A: permanent stasis, dig shafts and tunnels, antennae 3, four strong arms
a: Dig, Shaft Self, Renounce Religion, Heroism


You were on level 5 of the Dungeon.
You worshipped Okawaru.
Okawaru was most pleased with you.
You visited 1 branch of the dungeon, and saw 6 of its levels.

You collected 190 gold pieces.

Inventory:

Hand Weapons
 b - a +0 sling
 e - a +2 spear of venom (weapon)
 m - a +0 war axe
 o - a +1 quarterstaff of holy wrath
 s - a +2 scimitar of draining
Missiles
 k - 6 poisoned darts
Armour
 a - a +0 cloak (worn)
 d - an orb of light (worn)
 j - a +0 chain mail
 t - +0 steam dragon scales (worn)
Jewellery
 l - a ring of resist corrosion (left hand)
 p - a ring of poison resistance (right hand)
Scrolls
 f - a scroll of poison
 i - a scroll of magic mapping
Potions
 c - 2 potions of curing {unknown}
 g - 2 potions of degeneration {unknown}
 h - a potion of cancellation {unknown}
 n - a potion of resistance {unknown}
 q - a potion of might {unknown}
 r - 2 potions of ambrosia


   Skills:
 + Level 5.0 Fighting
 + Level 3.5(4.7) Axes
 + Level 4.8(5.3) Polearms
 + Level 4.5 Armour
 + Level 3.4 Dodging
 + Level 0.8 Stealth


You had 7 spell levels left.
You didn't know any spells.
Your spell library contained the following spells:

 Spells                   Type           Power      Damage    Failure   Level
 Sting                    Tmut/Pois      0%         1d3       34%         1
 Poisonous Vapours        Pois/Air       0%         N/A       47%         2
 Olgreb's Toxic Radiance  Pois           0%         N/A       98%         4
 Summon Small Mammal      Summ           Unusable   N/A       N/A         1
 Call Canine Familiar     Summ           Unusable   N/A       N/A         3
 Summon Guardian Golem    Hex/Summ       Unusable   N/A       N/A         3

Dungeon Overview and Level Annotations

Branches:
Dungeon (6/15)
 Temple: D:4-7

Altars:
Okawaru
Xom

Shops:
D:3 *[(=

Annotations:
D:3 2 transporters
D:5 Edmund
D:6 1 runed translucent door


Innate Abilities, Weirdness & Mutations

You cannot be hasted, slowed, berserked, paralysed or teleported.
You can dig through walls and to a lower floor.
You have a pair of large antennae on your head. (SInv)
Your four strong arms can wield two-handed weapons with a shield.


Message History

There is a stone staircase leading up here.
You can't go down here!
You climb upwards.
There is a stone staircase leading down here.
Edmund the Younger comes into view.
He is wielding a +3 dire flail of venom and wearing a +3 leather armour of fire resistance.
Found a scale mail.
Edmund shouts!
Edmund moves out of view.
Found 5 stones.
Edmund hits you with a +3 dire flail of venom!
You hit Edmund but do no damage.
Edmund is poisoned.
You hit Edmund but do no damage.
Edmund looks as sick as possible!
Edmund is lightly wounded.
Edmund hits you with a +3 dire flail of venom!
You hit Edmund.
Edmund looks as sick as possible!
Edmund is moderately wounded.
Edmund hits you with a +3 dire flail of venom.
You are poisoned.
You barely miss Edmund.
Edmund is moderately wounded.
You feel sick.
Edmund hits you with a +3 dire flail of venom.
You barely miss Edmund.
Edmund is moderately wounded.
You feel sick.
Edmund hits you with a +3 dire flail of venom!
* * * LOW HITPOINT WARNING * * *
You are more poisoned.
You barely miss Edmund.
Edmund is moderately wounded.
You feel sick.
You hit Edmund but do no damage.
Edmund is moderately wounded.
* * * LOW HITPOINT WARNING * * *
You feel very sick.
Edmund hits you with a +3 dire flail of venom!
* * * LOW HITPOINT WARNING * * *
You barely miss Edmund.
Edmund is heavily wounded.
You die...

#.# ####.# ..##.# #
#.##.# .. #.##.# .##
#.##.# @..#
#######.##.# .[...
..(.......>####......
####..@@..........
######.........
#.###..... #.# ...#
#.# ### ... ... .#.#


You could see Edmund (extremely poisoned).

Vanquished Creatures
  Maggie (D:6)
  A water moccasin (D:6)
  A black bear (D:6)
  An ogre (D:6)
  2 hounds (D:6)
  4 adders
  An ufetubus (D:4)
  A worm (D:3)
  3 dart slugs
  6 endoplasms
  4 giant cockroaches
  10 goblins
  8 hobgoblins
  A jackal (D:2)
  A quokka (D:1)
  7 ball pythons
  6 bats
  4 frilled lizards
  6 kobolds
  4 rats
72 creatures vanquished.

Notes
Turn   | Place    | Note
-------+----------+-------------------------------------------
     0 | D:1      | Sabo the Formicid Monk began the quest for the Orb.
     0 | D:1      | Reached XP level 1. HP: 18/18 MP: 1/1
   122 | D:1      | Reached XP level 2. HP: 22/24 MP: 2/2
   456 | D:1      | Reached XP level 3. HP: 29/29 MP: 3/3
   590 | D:1      | Found a faded altar of an unknown god.
   603 | D:1      | Prayed at the altar of an unknown god.
   603 | D:1      | Became a worshipper of Warmaster Okawaru
   603 | D:1      | Reached * piety under Okawaru
   603 | D:1      | Reached ** piety under Okawaru
  1087 | D:2      | Found a shimmering altar of Xom.
  1168 | D:2      | Reached XP level 4. HP: 20/37 MP: 4/4
  1319 | D:2      | Reached skill level 1 in Polearms
  1322 | D:2      | Reached skill level 1 in Armour
  1442 | D:2      | Reached skill level 4 in Fighting
  2158 | D:3      | Found Ahoottid's Antique Weapon Emporium.
  2202 | D:3      | Found a transporter.
  2374 | D:3      | Found Wegocwunt's Jewellery Shoppe.
  2493 | D:3      | Reached XP level 5. HP: 40/42 MP: 5/5
  2566 | D:3      | Found Leqogh Deny's Assorted Antiques.
  2602 | D:3      | Found Gelesibe's Antique Armour Shop.
  2701 | D:3      | Found a transporter.
  2970 | D:4      | You fall into a shaft and drop 2 floors!
  3006 | D:6      | Found a runed translucent door.
  3102 | D:6      | Noticed an ogre
  3112 | D:6      | Killed an ogre
  3112 | D:6      | Reached *** piety under Okawaru
  3113 | D:6      | Reached XP level 6. HP: 29/49 MP: 6/6
  3190 | D:6      | Noticed a black bear
  3204 | D:6      | Killed a black bear
  3250 | D:6      | Noticed a water moccasin
  3267 | D:6      | Killed a water moccasin
  3268 | D:6      | Reached XP level 7. HP: 27/55 MP: 7/7
  3389 | D:6      | Noticed Maggie
  3409 | D:6      | Killed Maggie
  3410 | D:6      | Reached skill level 5 in Fighting
  3410 | D:6      | Reached XP level 8. HP: 11/62 MP: 8/8
  3602 | D:5      | Entered Level 5 of the Dungeon
  3605 | D:5      | Noticed Edmund
  3621 | D:5      | HP: 1/62 [Edmund/+3 dire flail of venom (10)]
  3622 | D:5      | Succumbed to Edmund's poison

Illustrated notes

Levels and vault maps discovered:
D:1:      wheals_arrival_linesprint, layout_loops_ring,
          shapermc_ecumenical_altar_venn
D:2:      layout_basic, basic_altar, minmay_heptomino_h4
D:3:      gammafunk_steamed_eel, layout_basic, serial_shops,
          nicolae_shop_dealshenge, nicolae_shop_hallway_plus,
          nicolae_shop_overgrown_old_shop, shop
D:4:      layout_gridville
D:5:      layout_loops_ring, uniq_edmund
D:6:      layout_basic, minmay_temple_entry_glassed_door,
          nicolae_shop_dragon_depot, minmay_fire_ice_demons,
          uniq_crazy_yiuf_cottage, uniq_maggie

Skill      XL: |  1  2  3  4  5  6  7 |
---------------+----------------------+-----
Dodging        | 3 |  3.4
Polearms       | 1 3 4 |  4.8
Armour         | 1 2 3 4 |  4.5
Fighting       | 4 5 |  5.0
Axes           | |  3.5
Stealth        | |  0.8

Action                     |  1- 3 |  4- 6 |  7- 9 || total
---------------------------+-------+-------+-------++-------
  Melee: Spear             |    49 |   103 |    30 ||   182
         Hand axe          |     3 |       |       ||     3
    Use: Scroll            |     3 |     1 |       ||     4
 Armour: Robe              |     4 |       |       ||     4
         Chain mail        |    15 |    54 |     4 ||    73
  Dodge: Dodged            |    28 |    42 |     7 ||    77
